 Dungeon Crawl Stone Soup version 0.29-a0-1027-gcd8c55af63 (webtiles) character file.

Game seed: 5074296978338886881

5611 timneilson the Blocker (level 10, -6/61 HPs)
             Began as a Gargoyle Fighter on Aug 14, 2022.
             Was an Elder of Okawaru.
             Mangled by Snorg (17 damage)
             ... on level 10 of the Dungeon.
             The game lasted 00:22:32 (11555 turns).

timneilson the Blocker (Gargoyle Fighter)          Turns: 11555, Time: 00:22:33

Health: -6/61      AC: 35    Str: 22    XL:     10   Next: 73%
Magic:  7/13       EV: 11    Int:  7    God:    Okawaru [****..]
Gold:   852        SH: 12    Dex: 13    Spells: 9/9 levels left

rFire   . . .      SeeInvis +   a - +1 long sword (chaos)
rCold   + . .      Faith    .   c - +0 buckler
rNeg    + + .      Spirit   .   r - +3 chain mail of the True Pharaoh {rC+ rCorr Str-2 Dex+3}
rPois   ∞          Reflect  +   F - +0 helmet
rElec   +          Harm     .   p - +2 ratskin cloak {*Rats rPois rN+ Str-1 Int-1 Dex+1}
rCorr   +          Rampage  .   b - +0 pair of gloves
Will    .....                   f - +0 pair of boots
Stlth   ..........              y - amulet of reflection
HPRegen 0.20/turn               g - +4 ring of protection
MPRegen 0.13/turn               C - ring of see invisible

@: heroic, finesse-ful
A: sickness immunity, AC +7, negative energy resistance 1, electricity
resistance, torment resistance 1, petrification resistance
a: Renounce Religion, Heroism, Finesse


You were on level 10 of the Dungeon.
You worshipped Okawaru.
Okawaru was greatly pleased with you.
You visited 2 branches of the dungeon, and saw 11 of its levels.
You also visited: Ossuary.

You collected 852 gold pieces.

Inventory:

Hand Weapons
 a - a +1 long sword of chaos (weapon)
 G - the +1 war axe of the Middle {flame, rF- Dex+7}
   (You found it on level 8 of the Dungeon)

   It burns those it strikes, dealing additional fire damage.
   Big, fiery blades are also staple armaments of hydra-hunters.
   Dex:       It affects your dexterity (+7).
   rF:        It makes you vulnerable to fire.
Armour
 b - a +0 pair of gloves (worn)
 c - a +0 buckler (worn)
 f - a +0 pair of boots (worn)
 p - the +2 ratskin cloak (worn) {*Rats rPois rN+ Str-1 Int-1 Dex+1}
   (You found it on level 4 of the Dungeon)

   When the wearer is hurt, rats may emerge from it to assist them.
   Str:       It affects your strength (-1).
   Int:       It affects your intelligence (-1).
   Dex:       It affects your dexterity (+1).
   rPois:     It protects you from poison.
   rN:        It protects you from negative energy.
 r - the +3 chain mail of the True Pharaoh (worn) {rC+ rCorr Str-2 Dex+3}
   (You found it on level 3 of the Dungeon)

   Str:       It affects your strength (-2).
   Dex:       It affects your dexterity (+3).
   rC:        It protects you from cold.
   rCorr:     It protects you from acid and corrosion.
 F - a +0 helmet (worn)
 M - a +0 plate armour
Jewellery
 g - a +4 ring of protection (left hand)
 y - an amulet of reflection (around neck)
 C - a ring of see invisible (right hand)
Wands
 q - a wand of acid (7)
 w - a wand of mindburst (14)
 D - a wand of flame (16)
 E - a wand of digging (2)
 J - a wand of roots (9)
Scrolls
 e - 5 scrolls of teleportation
 h - 2 scrolls of poison
 n - 4 scrolls of magic mapping
 s - a scroll of silence
 v - 6 scrolls of enchant weapon
 H - a scroll of fear
 I - a scroll of enchant armour {unknown}
 N - a scroll of amnesia {unknown}
Potions
 d - 5 potions of might
 i - 4 potions of flight
 j - 4 potions of haste
 k - 3 potions of invisibility
 l - a potion of ambrosia
 m - 4 potions of curing
 o - a potion of heal wounds
 t - 3 potions of resistance
 u - a potion of cancellation
 x - 3 potions of lignification
 z - 4 potions of mutation
 A - 2 potions of magic
 B - a potion of attraction {unknown}
 K - a potion of brilliance {unknown}
Miscellaneous
 L - a lightning rod (4/4)


   Skills:
 + Level 6.5(11.5) Fighting
 * Level 6.8(11.8) Long Blades
 * Level 8.6(13.6) Armour
 + Level 4.0(9.0) Dodging
 * Level 8.7(13.7) Shields
 + Level 4.6 Invocations
 + Level 3.4 Evocations


You had 9 spell levels left.
You didn't know any spells.
Your spell library contained the following spells:

 Spells                   Type           Power      Damage    Failure   Level
 Slow                     Hex            0%         N/A       95%         1
 Confusing Touch          Hex            0%         N/A       100%        3
 Vampiric Draining        Necr           0%         2d6       100%        3
 Iskenderun's Battlesphe  Conj           0%         2d6       100%        5
 Iron Shot                Conj/Erth      0%         9d1       100%        6
 Malign Gateway           Summ/Tloc      Unusable   N/A       N/A         7
 Spellforged Servitor     Conj/Summ      Unusable   N/A       N/A         7
 Summon Horrible Things   Summ           Unusable   N/A       N/A         8

Dungeon Overview and Level Annotations

Branches:
Dungeon (10/15)            Temple (1/1) D:4             Orc (0/2) D:10
Ossuary (visited)
   Lair: D:8-11

Altars:
Ashenzari
Cheibriados
Dithmenos
Elyvilon
Fedhas
Gozag
Hepliaklqana
Kikubaaqudgha
Makhleb
Nemelex Xobeh
Okawaru
Qazlal
Ru
Sif Muna
Trog
Uskayaw
Vehumet
Wu Jian
Xom
Yredelemnul
Zin
The Shining One

Annotations:
D:10 Snorg


Innate Abilities, Weirdness & Mutations

You are immune to sickness and miasma.
Your stone body is resilient. (AC +7)
You are immune to poison.
You resist negative energy. (rN+)
You are resistant to electric shocks. (rElec)
You are resistant to unholy torment.
You are immune to petrification.


Message History

You see here a +0 falchion.
You see here a +3 short sword.
Things that are here:
a +1 whip of freezing; a +0 robe; a gnoll corpse
Found 6 stones.
You see here 6 stones.
Snorg the Insatiable comes into view.
Snorg shouts!
You gain the combat prowess of a mighty hero.
Snorg goes berserk!
You slash Snorg!
Snorg seems to speed up.
Snorg is lightly wounded.
Snorg bites you. Snorg claws you but does no damage.
You block Snorg's attack. x3
Snorg claws you but does no damage.
You barely miss Snorg.
Snorg is lightly wounded.
You block Snorg's attack. Snorg claws you. Snorg barely misses you.
You slash Snorg! You burn Snorg.
Snorg is lightly wounded.
Snorg bites you but does no damage. Snorg claws you but does no damage. x2
A two-headed ogre comes into view.
It is wielding a +0 giant club and a +0 great mace.
You closely miss Snorg.
Snorg is lightly wounded.
Snorg bites you but does no damage. You block Snorg's attack.
Snorg claws you but does no damage. Snorg barely misses you.
You block Snorg's attack. Snorg claws you but does no damage.
You slash Snorg! You freeze Snorg.
Snorg is lightly wounded.
Snorg bites you! Snorg claws you! You block Snorg's attack.
You hit Snorg.
Snorg is lightly wounded.
Snorg bites you but does no damage. You block Snorg's attack. Snorg claws you.
You slash Snorg! You freeze Snorg.
Snorg is moderately wounded.
Snorg barely misses you. You block Snorg's attack. Snorg claws you!
You can now deal lightning-fast blows.
You block Snorg's attack. Snorg claws you. Snorg claws you!
* * * LOW HITPOINT WARNING * * *
Snorg bites you!
You die...

#.#######
#..OT@..#
#.#####.#
#.# #(##
#..#
#########.#
..........#
#.#
.#######..#
#.# #..#
#.#


You could see Snorg (berserk, fast) and a two-headed ogre.

Vanquished Creatures
  Pikel (D:7)
  A manticore (D:6)
  Maggie (D:7)
  A kobold demonologist (D:10)
  A troll (D:7)
  A wraith (D:7)
  2 wyverns
  A steam dragon (D:9)
  Menkaure (D:7)
  Edmund (D:6)
  3 water moccasins
  2 orc warriors (D:10)
  2 sky beasts
  3 black bears
  An ogre (D:4)
  3 centaurs
  3 phantoms
  A kobold brigand (D:8)
  3 bullfrogs
  A necrophage (D:4)
  A gnoll sergeant (D:9)
  2 scorpions (D:4)
  10 killer bees
  A hound (D:6)
  2 centaur zombies (Ossuary)
  2 jellies
  2 orc priests (D:10)
  2 gnoll boudas
  A human zombie (Ossuary)
  5 iguanas
  6 orc wizards
  5 mummies (Ossuary)
  13 gnolls
  3 shadow imps
  2 white imps
  2 ufetubi
  A dart slug (D:3)
  44 orcs
  6 endoplasms
  6 giant cockroaches
  5 goblins
  7 hobgoblins
  5 jackals (D:3)
  13 kobolds
  4 quokkas
  10 ball pythons
  2 bats (D:1)
  6 frilled lizards
  2 goblin zombies (Ossuary)
  2 hobgoblin zombies (Ossuary)
  An orc zombie (Ossuary)
  13 rats
219 creatures vanquished.

Vanquished Creatures (collateral kills)
  An orc priest (D:4)
1 creature vanquished.

Grand Total: 220 creatures vanquished

Notes
Turn   | Place    | Note
-------+----------+-------------------------------------------
     0 | D:1      | timneilson the Gargoyle Fighter began the quest for the
                  | Orb.
     0 | D:1      | Reached XP level 1. HP: 14/14 MP: 1/1
    83 | D:1      | Reached XP level 2. HP: 19/19 MP: 2/2
   840 | D:1      | Found a faded altar of an unknown god.
   849 | D:1      | Identified the +8 mace of the Burning Weasel {elec, rF+
                  | Will+ Str+2}
   873 | D:1      | Reached XP level 3. HP: 23/23 MP: 3/3
  1190 | D:2      | Found a basalt altar of Yredelemnul.
  2355 | D:3      | Reached XP level 4. HP: 20/28 MP: 4/4
  2527 | D:3      | Identified the +3 chain mail of the True Pharaoh {rC+ rCorr
                  | Str-2 Dex+3}
  2891 | D:4      | Noticed a scorpion
  2906 | D:4      | Killed a scorpion
  2907 | D:4      | Reached skill level 1 in Dodging
  2907 | D:4      | Reached XP level 5. HP: 30/33 MP: 5/5
  3002 | D:4      | Found the +2 ratskin cloak {*Rats rPois rN+ Str-1 Int-1
                  | Dex+1}
  3279 | D:4      | Found a sand-covered staircase.
  3288 | Ossuary  | Entered an ossuary
  3333 | Ossuary  | Reached XP level 6. HP: 38/38 MP: 6/6
  3894 | Ossuary  | Reached skill level 5 in Shields
  4122 | D:4      | Reached skill level 5 in Armour
  4122 | D:4      | Reached XP level 7. HP: 38/43 MP: 7/7
  4220 | D:4      | Found a staircase to the Ecumenical Temple.
  4232 | Temple   | Entered the Ecumenical Temple
  4751 | Temple   | Became a worshipper of Warmaster Okawaru
  5365 | D:5      | Entered Level 5 of the Dungeon
  5642 | D:4      | Reached skill level 1 in Invocations
  5755 | D:4      | Reached * piety under Okawaru
  6109 | D:5      | Reached XP level 8. HP: 46/48 MP: 7/9
  6807 | D:6      | Noticed a manticore
  6839 | D:6      | Killed a manticore
  6839 | D:6      | Reached ** piety under Okawaru
  6840 | D:6      | Reached skill level 5 in Fighting
  6840 | D:6      | Reached skill level 5 in Long Blades
  6840 | D:6      | Reached skill level 1 in Evocations
  7059 | D:6      | Noticed Edmund
  7084 | D:6      | Killed Edmund
  7085 | D:6      | Reached XP level 9. HP: 54/54 MP: 9/11
  7611 | D:7      | Found a white marble altar of Elyvilon.
  7612 | D:7      | Found an ancient bone altar of Kikubaaqudgha.
  7614 | D:7      | Found a stormy altar of Qazlal.
  7743 | D:7      | Reached *** piety under Okawaru
  7768 | D:7      | Noticed Pikel
  7800 | D:7      | Killed Pikel
  7910 | D:7      | Noticed a troll
  7928 | D:7      | Killed a troll
  8002 | D:7      | Noticed Maggie
  8034 | D:7      | Noticed Menkaure
  8037 | D:7      | Reached **** piety under Okawaru
  8038 | D:7      | Reached XP level 10. HP: 60/60 MP: 12/12
  8058 | D:7      | Killed Menkaure
  8066 | D:7      | Killed Maggie
  9444 | D:8      | Identified the +1 war axe of the Middle {flame, rF- Dex+7}
 10812 | D:9      | Identified the +2 flail "Wiohuwil" {protect, Str+3 Stlth+}
 10835 | D:10     | Entered Level 10 of the Dungeon
 11337 | D:10     | Found a staircase to the Orcish Mines.
 11422 | D:10     | Noticed a kobold demonologist
 11423 | D:10     | Noticed an orange demon
 11437 | D:10     | Killed a kobold demonologist
 11544 | D:10     | Noticed Snorg
 11550 | D:10     | Noticed a two-headed ogre
 11555 | D:10     | Mangled by Snorg

Illustrated notes

Levels and vault maps discovered:
D:1:      wheals_arrival_linesprint, layout_loops_corners,
          hellmonk_ecumenical_altar_lost_god
D:2:      layout_rooms, basic_altar
D:3:      layout_rooms, chequers_serial_rivers_room_a, minmay_surrounded
D:4:      layout_basic, minmay_temple_entry_proselytizer, enter_ossuary_3
D:5:      layout_rooms
D:6:      layout_loops_corners, uniq_edmund
D:7:      layout_basic, minitemple, uniq_maggie, uniq_menkaure, uniq_pikel
D:8:      layout_gridville
D:9:      layout_roguey, nicolae_straight_to_the_point
D:10:     cheibrodos_breeding_chamber, layout_loops_ring, hiddenorc2_lemuel,
          uniq_joseph, uniq_snorg
Temple:   compressed_dpeg_triangle_lava_temple

Skill      XL: |  1  2  3  4  5  6  7  8  9 10 |
---------------+-------------------------------+-----
Long Blades    | 2 3 4 5 6 |  6.8
Armour         | 4 5 6 7 8 |  8.6
Shields        | 4 5 6 7 8 |  8.7
Dodging        | 1 2 3 4 |  4.0
Fighting       | 4 5 6 |  6.5
Invocations    | 1 2 3 4 |  4.6
Evocations     | 1 2 3 |  3.4

Action                   |  1- 3 |  4- 6 |  7- 9 | 10-12 || total
-------------------------+-------+-------+-------+-------++-------
Melee: Long sword        |   183 |   219 |   453 |   380 ||  1235
Invok: Heroism           |       |       |     4 |     4 ||     8
       Finesse           |       |       |       |     2 ||     2
Evoke: Wand              |       |       |       |     2 ||     2
  Use: Scroll            |    10 |     4 |     8 |     2 ||    24
       Potion            |       |       |     3 |       ||     3
 Stab: Distracted        |       |     1 |       |       ||     1
Armor: Scale mail        |    98 |    49 |       |       ||   147
       Chain mail        |       |    98 |   323 |   232 ||   653
Dodge: Dodged            |    91 |    97 |   187 |   121 ||   496
Block: Buckler           |    30 |    47 |   249 |   239 ||   565
       Reflection        |       |       |     1 |     5 ||     6

Table legend: (Time is in decaauts)
 A = Elapsed time spent in this place.
 B = Non-inter-level travel time spent in this place.
 C = Inter-level travel time spent in this place.
 D = Time resting spent in this place.
 E = Time spent auto-exploring this place.
 F = Levels seen in this place.
 G = Mean time per level.
                   A        B        C        D        E       F      G
               +--------+--------+--------+--------+--------+-----+--------+
         Total |  11785 |  11540 |    245 |    629 |   8046 |  12 |  982.1 |
       Dungeon |  10566 |  10339 |    227 |    376 |   7323 |  10 | 1056.6 |
        Temple |    524 |    506 |     18 |      0 |    490 |   1 |  524.0 |
       Ossuary |    694 |    694 |      0 |    253 |    233 |   1 |  694.0 |
               +--------+--------+--------+--------+--------+-----+--------+

Top non-repeatable levels by time:
     D:4: 1757 daAuts
     D:7: 1451 daAuts
     D:1: 1210 daAuts
     D:8: 1180 daAuts
     D:2: 1044 daAuts
     D:6: 1012 daAuts
     D:9: 771 daAuts
    D:10: 720 daAuts
     D:3: 714 daAuts
     D:5: 704 daAuts
 Ossuary: 694 daAuts
  Temple: 524 daAuts
